 Dungeon Sprint DCSS version 0.31-a0-841-g038b102fc3 (webtiles) character file.

Game seed: 3978284411811605958

535 sircluck the Grappler (level 7, -7/79 HPs)
             Began as a Troll Berserker on Sept 27, 2023.
             Was a Priest of Trog.
             Mangled by a death yak (27 damage)
             ... in the Dungeon (Sprint VII: "The Pits").
             The game lasted 00:00:38 (128 turns).

sircluck the Grappler (Troll Berserker)              Turns: 128, Time: 00:00:38

Health: -7/79      AC:  4    Str: 28    XL:     7   Next: 4%
Magic:  6/6        EV: 11    Int:  3    God:    Trog [***...]
Gold:   0          SH:  0    Dex:  9    Spells: 6/6 levels left

rFire   . .          .
                       - Unarmed
rCold   . . .        (no shield)
rNeg    . . .        a - +0 animal skin
rPois   .            (helmet restricted)
rElec   .            (no cloak)
rCorr   .            (gloves unavailable)
SInv    .            (boots unavailable)
Will    .....        (no amulet)
Stlth   +            (no ring)
HPRegen 1.13/turn    (no ring)
MPRegen 0.10/turn

%: no teleportation
@: on berserk cooldown, slowed, very slow
A: large, unfitting armour, claws 3, regeneration 1, shaggy fur 1, tough skin 1
a: Renounce Religion, Berserk, Trog's Hand


You were in the Dungeon.
You worshipped Trog.
Trog was most pleased with you.
You visited 1 branch

Inventory:

Armour
 a - a +0 animal skin (worn)
Scrolls
 g - a scroll of blinking
Potions
 b - a potion of curing
 c - a potion of heal wounds
 d - a potion of haste
 e - 2 potions of magic
 f - a potion of berserk rage


   Skills:
 + Level 7.8 Fighting
 + Level 7.7 Dodging
 + Level 9.3 Unarmed Combat


You had 6 spell levels left.
You didn't know any spells.
Your spell library was empty.

Dungeon Overview and Level Annotations

Branches:
Dungeon (1/1)

Altars:


Innate Abilities, Weirdness & Mutations

You are too large for most types of armour.
You have claws for hands.
Your natural rate of healing is unusually fast.
You are covered in fur. (AC +1)
You have tough skin. (AC +1)


Message History

Deactivating autopickup; reactivate with Ctrl-A.
You barely miss the snapping turtle.
The snapping turtle is moderately wounded.
The snapping turtle bites you!! Something hits you but does no damage.
You mangle the snapping turtle!!
The snapping turtle is severely wounded.
The snapping turtle bites you! Something hits you.
Something drains your vigour!
You feel as though you will be slow longer.
You scratch the snapping turtle.
You claw the snapping turtle, but do no damage.
The snapping turtle is severely wounded.
The snapping turtle bites you but does no damage.
Something hits you.
You scratch the snapping turtle.
The snapping turtle is almost dead.
The snapping turtle completely misses you.
You claw the snapping turtle!
The snapping turtle is almost dead.
You are no longer berserk.
You are exhausted.
You feel as though you will be slow longer.
The death yak snorts and paws the ground.
Something hits you!!
You barely miss the snapping turtle.
The snapping turtle is almost dead.
Something hits you! Something drains your vigour!
You feel as though you will be slow longer.
The snapping turtle bites you.
Unknown command.
Unknown command.
Unknown command.
Unknown command.
Unknown command.
You claw the death yak!
The death yak is lightly wounded.
Something hits you.
* * * LOW HITPOINT WARNING * * *
The death yak gores you!!
You die...

#.......##..#
#...<...##..# .
#.......##..# ..
#.......##..## ...
#.......##...##....
##########....'..Y.
#.t.##.... #{Y##
... #.@# .. #..# .
#..# #..# ####


You could see a death yak and a snapping turtle.

Vanquished Creatures
  Psyche (D)
  A basilisk (D)
  Duvessa (D)
  Dowan (D)
  An endoplasm (D)
5 creatures vanquished.

Notes
Turn   | Place    | Note
-------+----------+-------------------------------------------
     0 | D        | sircluck the Troll Berserker began the quest for the Orb.
     0 | D        | Reached XP level 1. HP: 22/22 MP: 0/0
    12 | D        | Noticed Duvessa
    14 | D        | Noticed Dowan
    29 | D        | Killed Duvessa
    30 | D        | Reached skill level 5 in Unarmed Combat
    30 | D        | Reached XP level 2. HP: 33/33 MP: 1/1
    30 | D        | Reached XP level 3. HP: 41/41 MP: 2/2
    30 | D        | Reached XP level 4. HP: 49/49 MP: 3/3
    33 | D        | Noticed Psyche
    36 | D        | Killed Dowan
    36 | D        | Reached ** piety under Trog
    37 | D        | Reached skill level 5 in Fighting
    37 | D        | Reached skill level 5 in Dodging
    37 | D        | Reached skill level 6 in Unarmed Combat
    37 | D        | Reached XP level 5. HP: 57/57 MP: 4/4
    44 | D        | Killed Psyche
    45 | D        | Reached skill level 8 in Unarmed Combat
    45 | D        | Reached XP level 6. HP: 40/71 MP: 5/5
    80 | D        | Noticed a basilisk
    86 | D        | Killed a basilisk
    87 | D        | Reached skill level 9 in Unarmed Combat
    87 | D        | Reached XP level 7. HP: 57/79 MP: 6/6
   108 | D        | Noticed a snapping turtle
   109 | D        | Noticed a death yak
   115 | D        | Reached *** piety under Trog
   128 | D        | Mangled by a death yak

Illustrated notes

Levels and vault maps discovered:
D:        pitsprint [storerooms_1, entrance_room_1, metal_vault_3, armoury_3,
          mini_pit_1, grid_room_1, main_hall_1, silver_pit, the_coven_1,
          the_vestibule_1, steel_vault_2, golden_pit, hallway_of_sentries,
          crystal_vault_2, iron_vault_4, final_vault]

Skill      XL: |  1  2  3  4  5  6 |
---------------+-------------------+-----
Fighting       | 4 5 7 |  7.8
Dodging        | 4 5 7 |  7.7
Unarmed Combat | 5 6 8 9 |  9.3

Action                     |  1- 3 |  4- 6 |  7- 9 || total
---------------------------+-------+-------+-------++-------
  Melee: Unarmed           |     4 |    12 |    13 ||    29
         Punch             |       |     1 |     1 ||     2
 Invoke: Berserk           |     1 |       |     1 ||     2
 Armour: Animal skin       |     2 |     9 |    14 ||    25
  Dodge: Dodged            |       |     3 |     2 ||     5

Table legend: (Time is in decaauts)
 A = Elapsed time spent in this place.
 B = Non-inter-level travel time spent in this place.
 C = Inter-level travel time spent in this place.
 D = Time resting spent in this place.
 E = Time spent auto-exploring this place.
 F = Levels seen in this place.
 G = Mean time per level.
                   A        B        C        D        E       F      G
               +--------+--------+--------+--------+--------+-----+--------+
         Total |    133 |    124 |      9 |     44 |     11 |   1 |  133.0 |
       Dungeon |    133 |    124 |      9 |     44 |     11 |   1 |  133.0 |
               +--------+--------+--------+--------+--------+-----+--------+

Top non-repeatable levels by time:
       D: 133 daAuts
